 Dungeon Crawl Stone Soup version 0.30-a0-381-g6ea064c7b4 (webtiles) character file.

Game seed: 4009234181535172969

1312 bande the Chopper (level 8, -6/50 HPs)
             Began as a Gargoyle Fighter on Dec 1, 2022.
             Was a Follower of Okawaru.
             Mangled by a wight
             ... wielding a +0 halberd
              (12 damage)
             ... on level 6 of the Dungeon.
             The game lasted 00:10:02 (4410 turns).

bande the Chopper (Gargoyle Fighter)                Turns: 4410, Time: 00:10:02

Health: -6/50      AC: 16    Str: 19    XL:     8   Next: 58%
Magic:  9/9        EV:  6    Int: 10    God:    Okawaru [*.....]
Gold:   127        SH: 10    Dex: 17    Spells: 7/7 levels left

rFire   + . .      SeeInvis .    u - +2 war axe (venom)
rCold   . . .      Faith    .    g - +0 kite shield
rNeg    + . .      Spirit   .    s - +0 chain mail
rPois   ∞          Reflect  .    (no helmet)
rElec   +          Harm     .    (no cloak)
rCorr   .          Rampage  .    (no gloves)
Will    .....                    m - +0 pair of boots
Stlth   ..........               j - amulet of regeneration
HPRegen 1.08/turn                k - +6 ring of dexterity
MPRegen 0.11/turn                (no ring)

@: no status effects
A: sickness immunity, AC +5, negative energy resistance 1, electricity
resistance, torment resistance 1, petrification resistance, fire resistance 1
a: Renounce Religion, Heroism


You were on level 6 of the Dungeon.
You worshipped Okawaru.
Okawaru was aware of your devotion.
You visited 2 branches of the dungeon, and saw 7 of its levels.

You collected 250 gold pieces.
You spent 123 gold pieces at shops.

Inventory:

Hand Weapons
 a - a +0 war axe
 p - a +1 mace of protection
 u - a +2 war axe of venom (weapon)
Armour
 g - a +0 kite shield (worn)
 m - a +0 pair of boots (worn)
 s - a +0 chain mail (worn)
Jewellery
 j - an amulet of regeneration (around neck)
 k - a +6 ring of dexterity (left hand)
 t - a ring of positive energy
 v - an amulet of magic regeneration
Wands
 c - a wand of quicksilver (8)
 n - a wand of paralysis (6)
 w - a wand of iceblast (8)
Scrolls
 e - a scroll of teleportation
 h - 2 scrolls of enchant armour
 i - a scroll of noise {unknown}
 r - a scroll of identify
Potions
 b - 3 potions of resistance
 d - a potion of might
 f - 3 potions of curing
 l - 4 potions of flight
 o - 2 potions of degeneration {unknown}
 q - a potion of mutation


   Skills:
 + Level 5.4 Fighting
 + Level 6.5 Axes
 + Level 5.5 Armour
 + Level 5.0 Shields
 * Level 2.0 Invocations
 * Level 1.6 Evocations


You had 7 spell levels left.
You didn't know any spells.
Your spell library contained the following spells:

 Spells                   Type           Power      Damage    Failure   Level
 Anguish                  Hex/Necr       0%         N/A       100%        4
 Passage of Golubria      Tloc           0%         N/A       100%        4
 Yara's Violent Unravell  Hex/Tmut       0%         3d3       100%        5
 Enfeeble                 Hex            0%         N/A       100%        7
 Tukima's Dance           Hex            Unusable   N/A       N/A         3

Dungeon Overview and Level Annotations

Branches:
Dungeon (6/15)             Temple (1/1) D:5

Altars:
Ashenzari
Cheibriados
Dithmenos
Elyvilon
Fedhas
Gozag
Hepliaklqana
Kikubaaqudgha
Nemelex Xobeh
Okawaru
Ru
Sif Muna
Trog
Vehumet
Wu Jian
Xom
Zin
The Shining One

Shops:
D:2 (   D:4 (:((:   D:5 (

Annotations:
D:4 exclusion: statue


Innate Abilities, Weirdness & Mutations

You are immune to sickness and miasma.
Your stone body is resilient. (AC +5)
You are immune to poison.
You resist negative energy. (rN+)
You are resistant to electric shocks. (rElec)
You are resistant to unholy torment.
You are immune to petrification.
Your flesh is heat resistant. (rF+)


Message History

The wight is almost destroyed.
The wight hits you but does no damage.
You hit the wight but do no damage.
The wight is almost destroyed.
The wight barely misses you. You block the wight's attack.
You hit the wight.
You destroy the wight!
Okawaru accepts your kill.
No target in view!
No target in view!
No target in view!
No target in view!
You can't go up here!
Unknown command.
You climb downwards.
You hear the sound of rushing water.
There is an entrance to a sewer on this level.
Hurry and find it before the portal rusts away!
The wight hits you with a +0 scimitar!
There is a stone staircase leading up here.
You hit the wight but do no damage. You hit the wight.
The wight closely misses you. The wight hits you with a +0 flail!
You slash the wight!
The wight is severely damaged.
You hit the wight. You block the wight's attack. The wight barely misses you.
You block the wight's attack. The wight hits you with a +0 scimitar.
You slash the wight!
You destroy the wight!
Okawaru accepts your kill.
You can now gain great but temporary skills.
You hit the wight but do no damage.
The wight hits you from afar with a +0 halberd.
The wight hits you with a +0 scimitar.
Your Invocations skill increases to level 2!
The wight attacks as you move away! The wight hits you with a +0 scimitar!
* * * LOW HITPOINT WARNING * * *
The wight hits you with a +0 halberd.
* * * LOW HITPOINT WARNING * * *
You hit the wight but do no damage. You closely miss the wight.
The wight hits you with a +0 halberd!
You die...

## #. ##. ###..
# ###....## ..#
........###.....
#.z@z...#
###)...##
......#
##........
.......#.
.......#
.........
.........#


You could see 2 wights.

Vanquished Creatures
  A steam dragon (D:5)
  Edmund (D:4)
  An ice beast (D:5)
  A gnoll sergeant (D:5)
  A necrophage (D:4)
  3 scorpions
  2 wights
  A gnoll bouda (D:5)
  3 orc priests
  2 iguanas (D:5)
  4 orc wizards
  12 adders
  9 gnolls
  A white imp (D:3)
  2 dart slugs (D:1)
  4 worms (D:2)
  15 orcs
  12 ball pythons
  4 endoplasms
  A giant cockroach (D:1)
  8 goblins
  8 hobgoblins
  8 kobolds
  7 quokkas
  3 bats
  4 frilled lizards
  11 rats
129 creatures vanquished.

Vanquished Creatures (others)
  A plant (D:5)
1 creature vanquished.

Grand Total: 130 creatures vanquished

Notes
Turn   | Place    | Note
-------+----------+-------------------------------------------
     0 | D:1      | bande the Gargoyle Fighter began the quest for the Orb.
     0 | D:1      | Reached XP level 1. HP: 14/14 MP: 1/1
   196 | D:1      | Reached XP level 2. HP: 18/19 MP: 2/2
   348 | D:1      | Reached skill level 2 in Axes
   525 | D:1      | Reached XP level 3. HP: 24/24 MP: 3/3
  1100 | D:2      | Found Saimn's Antique Weapon Boutique.
  1533 | D:2      | Reached XP level 4. HP: 29/29 MP: 4/4
  1683 | D:3      | Reached skill level 3 in Axes
  1734 | D:3      | Reached XP level 5. HP: 33/33 MP: 5/5
  2096 | D:2      | Bought a glowing war axe for 123 gold pieces
  2727 | D:4      | Reached skill level 4 in Axes
  2736 | D:4      | Found a radiant altar of Vehumet.
  2736 | D:4      | Noticed a charred statue
  2763 | D:4      | Found Vounwiqo's Antique Weapon Shoppe.
  2838 | D:4      | Found Xeogatt's Antique Weapon Emporium.
  2855 | D:4      | Reached XP level 6. HP: 39/39 MP: 6/6
  2869 | D:4      | Noticed Edmund
  2881 | D:4      | Killed Edmund
  2963 | D:4      | Reached XP level 7. HP: 44/44 MP: 7/7
  2990 | D:4      | Reached skill level 5 in Axes
  3048 | D:4      | Found Liorua's Weapon Shoppe.
  3176 | D:4      | Found Todoprye's Book Boutique.
  3305 | D:4      | Found Hongogim's Book Shop.
  3340 | D:5      | Entered Level 5 of the Dungeon
  3344 | D:5      | Found Guparec's Hydra Hut.
  3371 | D:5      | Gained mutation: You have sharp toenails. [potion of
                  | mutation]
  3371 | D:5      | Gained mutation: You are somewhat resistant to further
                  | mutation. [potion of mutation]
  3372 | D:5      | Lost mutation: You are somewhat resistant to further
                  | mutation. [potion of mutation]
  3372 | D:5      | Lost mutation: You have sharp toenails. [potion of
                  | mutation]
  3372 | D:5      | Gained mutation: Your flesh is heat resistant. (rF+)
                  | [potion of mutation]
  3379 | D:5      | Noticed a six-headed hydra
  3469 | D:5      | Reached skill level 5 in Armour
  3498 | D:5      | Reached skill level 5 in Fighting
  3536 | D:5      | Found a staircase to the Ecumenical Temple.
  3549 | Temple   | Entered the Ecumenical Temple
  3680 | Temple   | Became a worshipper of Warmaster Okawaru
  3881 | D:5      | Reached XP level 8. HP: 44/49 MP: 8/8
  3884 | D:5      | Reached skill level 6 in Axes
  3893 | D:5      | Reached skill level 1 in Invocations
  3961 | D:5      | Reached skill level 1 in Evocations
  4117 | D:5      | Reached skill level 5 in Shields
  4408 | D:6      | Reached * piety under Okawaru
  4410 | D:6      | Mangled by a wight

Illustrated notes

Levels and vault maps discovered:
D:1:      co_arrival_random_square_maze, layout_basic, serial_corexii_hall,
          corexii_hall_statues_l, chequers_hall_statues_wall_a,
          chequers_hall_statues_corner_a, corexii_hall_statues_x,
          minmay_ruptured
D:2:      layout_loops_ring, serial_shops, nicolae_shop_advertising_works
          [nicolae_subvault_shop_adworks]
D:3:      layout_basic, kennysheep_generic_room_12
D:4:      layout_loops_ring, vehumet_statue, serial_shops, shop, shop,
          nicolae_shop_hallway_stairs, shop, shop, minmay_snake_closets,
          uniq_edmund
D:5:      layout_loops_ring, minmay_temple_entry_glass, minmay_misc_feat_plants,
          doesnt_shop_hydraphobe
D:6:      layout_cave_pools, cheibrodos_sewer_entry_sluice
Temple:   minmay_temple_bridge_d

Skill      XL: |  1  2  3  4  5  6  7  8 |
---------------+-------------------------+-----
Axes           | 2 3 4 5 6 |  6.5
Fighting       | 4 5 |  5.4
Armour         | 4 5 |  5.5
Shields        | 4 5 |  5.0
Invocations    | 2 |  2.0
Evocations     | 1 |  1.6

Action                   |  1- 3 |  4- 6 |  7- 9 || total
-------------------------+-------+-------+-------++-------
Melee: War axe           |   112 |   110 |   125 ||   347
  Use: Scroll            |       |     8 |     4 ||    12
       Potion            |       |       |     2 ||     2
Armor: Scale mail        |    62 |    19 |       ||    81
       Chain mail        |       |    24 |    99 ||   123
Dodge: Dodged            |    32 |    38 |    36 ||   106
Block: Buckler           |    24 |    27 |     8 ||    59
       Kite shield       |       |       |    78 ||    78

Table legend: (Time is in decaauts)
 A = Elapsed time spent in this place.
 B = Non-inter-level travel time spent in this place.
 C = Inter-level travel time spent in this place.
 D = Time resting spent in this place.
 E = Time spent auto-exploring this place.
 F = Levels seen in this place.
 G = Mean time per level.
                   A        B        C        D        E       F      G
               +--------+--------+--------+--------+--------+-----+--------+
         Total |   4542 |   4285 |    257 |     27 |   3204 |   7 |  648.9 |
       Dungeon |   4268 |   4048 |    220 |     27 |   2986 |   6 |  711.3 |
        Temple |    273 |    236 |     37 |      0 |    218 |   1 |  273.0 |
               +--------+--------+--------+--------+--------+-----+--------+

Top non-repeatable levels by time:
     D:1: 1094 daAuts
     D:3: 903 daAuts
     D:5: 825 daAuts
     D:4: 750 daAuts
     D:2: 684 daAuts
  Temple: 273 daAuts
     D:6: 10 daAuts
